AoeStats
← Nippon

Nomad

507076005Analyzed
4v4 RM · 17d ago on Sep 16, 2026· 34m 8s· 8 players
Game mode
Random Map
Map size
231×231
Population
200
Speed
Normal
Resources
Standard
Victory
Conquest
Starting age
Dark Age
Ending age
Imperial Age
RankedLock teamsTeams togetherTeam positionsShared explorationLock speedFull tech treeHidden civsTurbo modeCheats
Victory
Defeat
🇩🇪 Cumans · Germany
1733
+9
🇩🇪 Vikings · Germany
1605
+14
🇨🇭 Shu · Switzerland
1568
+16
🇩🇪 Spanish · Germany
1474
+19
🇨🇴 Berbers · Colombia
1586
-15
🇨🇳 Maya · China
1579
-15
🇮🇳 Persians · India
1565
-15
🇺🇸 Burgundians · United States
1531
-13
Issue
8:36 Loom
14:19 Feudal Age
15:30 Double-Bit Axe
15:46 Horse Collar
19:05 Castle Age
18:12 Scale Barding Armor
18:39 Gold Mining
19:21 Bloodlines
22:09 Chain Barding Armor
23:39 Bow Saw
24:13 Wheelbarrow
28:23 Fletching
31:23 Town Watch
31:57 Hand Cart
34:11 Gold Shaft Mining
33:27 Stone Mining
36:54 Imperial Age
_kill3rJ
4:45 Loom
13:00 Feudal Age
12:12 Fishing Lines
12:37 Double-Bit Axe
14:46 Bow Saw
17:35 Forging
19:13 Gillnets
23:33 Castle Age
21:32 Gold Mining
24:34 Medium Warships
25:25 Iron Casting
25:55 Horse Collar
30:32 Clinker Construction
31:39 Demolition Ship
Bz_青红
4:48 Loom
13:55 Feudal Age
18:03 Castle Age
17:58 Town Watch
18:16 Double-Bit Axe
19:11 Medium Warships
21:25 Bow Saw
26:24 Wheelbarrow
26:10 Fletching
26:53 Elite Skirmisher
28:02 Bodkin Arrow
28:26 Padded Archer Armor
29:40 Ballistics
CTMlLOMBANA
5:09 Loom
13:22 Feudal Age
16:04 Bloodlines
17:56 Castle Age
16:58 Scale Barding Armor
19:03 Chain Barding Armor
29:54 Double-Bit Axe
29:53 Horse Collar
30:28 Fletching
30:39 Padded Archer Armor
G1NCo
11:53 Loom
13:55 Feudal Age
14:36 Double-Bit Axe
17:15 Town Watch
22:23 Castle Age
23:34 Medium Warships
28:58 Bow Saw
28:29 Horse Collar
35:50 Imperial Age
33:44 Scale Mail Armor
Vicky R
4:55 Loom
12:25 Feudal Age
13:06 Double-Bit Axe
16:40 Horse Collar
20:00 Forging
27:22 Castle Age
27:14 Scale Mail Armor
27:20 Gold Mining
27:25 Pikeman
31:01 Squires
34:18 Bow Saw
Nippon
13:41 Feudal Age
17:06 Castle Age
15:03 Double-Bit Axe
15:59 Loom
17:00 Fishing Lines
18:13 Bow Saw
19:02 Wheelbarrow
18:12 Town Watch
18:43 Gold Mining
22:18 Horse Collar
25:48 Bloodlines
27:18 Padded Archer Armor
31:45 Hand Cart
37:11 Imperial Age
LM | MaggieWuerze
10:29 Loom
12:46 Feudal Age
13:15 Double-Bit Axe
18:45 Fishing Lines
25:47 Castle Age
24:46 Fletching
26:42 Medium Warships
27:33 Wheelbarrow
26:56 Bodkin Arrow
27:02 Padded Archer Armor
27:26 Gillnets
27:59 Demolition Ship
29:32 Leather Archer Armor
29:49 Gold Mining
30:55 Bow Saw
31:51 Bloodlines
32:46 Gold Shaft Mining
32:28 Scale Barding Armor
32:06 Horse Collar
33:45 Chain Barding Armor
Connection lost

Rejoining the realm…

Still unreachable

The connection could not be restored.

Session expired

The server has moved on; the page needs a fresh start.